 Dungeon Crawl Stone Soup version 0.32-a0-994-gabb26cbae4 (webtiles) character file.

Game seed: 9831078498574195116

110 GeoRichter the Poker (level 4, -3/35 HPs)
             Began as a Merfolk Warper on Apr 22, 2024.
             Slain by an orc
             ... wielding a +2 trident of flaming
              (8 damage)
             ... on level 2 of the Dungeon.
             The game lasted 00:04:54 (2774 turns).

GeoRichter the Poker (Merfolk Warper)               Turns: 2774, Time: 00:04:54

Health: -3/35      AC:  5    Str: 11    XL:     4   Next: 91%
Magic:  16/16      EV: 11    Int: 12    God:
Gold:   171        SH:  0    Dex: 15    Spells: 7/7 levels left

rFire   . . .        a - +0 spear
rCold   . . .        (no shield)
rNeg    . . .        b - +0 leather armour
rPois   .            j - +0 helmet
rElec   .            (no cloak)
rCorr   .            l - +0 pair of gloves
SInv    .            (no boots)
Will    .....        (no amulet)
Stlth   +            i - ring of magical power
HPRegen 0.25/turn    (no ring)
MPRegen 0.15/turn

%: no passive effects
@: no status effects
A: (nimble swimmer 2), mertail
a: no special abilities


You were on level 2 of the Dungeon.
You visited 1 branch of the dungeon, and saw 3 of its levels.

You collected 171 gold pieces.

Inventory:

Hand Weapons
 a - a +0 spear (weapon)
Missiles
 d - 4 darts of dispersal {!f}
 n - a poisoned dart (quivered)
 p - a throwing net {!f}
Armour
 b - a +0 leather armour (worn)
 j - a +0 helmet (worn)
   (You took it off Robin on level 2 of the Dungeon)
 l - a +0 pair of gloves (worn)
   (You found it on level 2 of the Dungeon)
Jewellery
 i - a ring of magical power (left hand)
   (You found it on level 2 of the Dungeon)
Scrolls
 h - a scroll of immolation {unknown}
 o - a scroll of revelation {unknown}
Potions
 f - a potion of haste {unknown}
 g - a potion of mutation {unknown}
 k - a potion of curing {@q1}


   Skills:
 + Level 3.5 Fighting
 * Level 5.5 Polearms
 - Level 1.0 Throwing
 - Level 0.6 Armour
 - Level 2.6 Dodging
 - Level 2.0 Spellcasting
 - Level 2.4 Translocations


You had 7 spell levels left.
You didn't know any spells.
Your spell library contained the following spells:

 Spells                   Type           Power      Damage    Failure   Level
 Blink                    Tloc           12%        N/A       21%         2
 Lesser Beckoning         Tloc           12%        N/A       21%         2
 Maxwell's Portable Pile  Tloc           6%         2d(5-15)  38%         3
 Teleport Other           Tloc           6%         N/A       38%         3
 Vhi's Electric Charge    Tloc/Air       8%         N/A       91%         4


Dungeon Overview and Level Annotations

Branches:
Dungeon (3/15) Zot: 15253

Altars:

Shops:
D:3 (


Innate Abilities, Weirdness & Mutations

((You are very nimble when in or above water. (Stealth+, EV+, Speed+++)))
Your lower body shifts to a powerful aquatic tail in water.


Message History

Aim: an orc, wielding a +2 trident of flaming and wearing a +0 chain mail (64% to hit, chance to blind on hit: 100%)
You throw an atropa-tipped dart. The atropa-tipped dart hits the orc.
The orc appears confused.
The orc seems less confused.
The orc barely misses you.
You barely miss the orc.
The orc hits you with a +2 trident of flaming.
The orc burns you.
You closely miss the orc. You hit the orc but do no damage.
The orc is no longer blind.
The orc barely misses you.
You hit the orc but do no damage. The orc misses you.
You hit the orc but do no damage.
The orc hits you with a +2 trident of flaming.
The orc burns you.
You hit the orc but do no damage. The orc closely misses you.
You hit the orc.
The orc is almost dead.
You hit the orc but do no damage.
The orc is almost dead.
The orc hits you with a +2 trident of flaming.
The orc burns you.
* * * LOW HITPOINT WARNING * * *
You closely miss the orc.
The orc is almost dead.
The orc closely misses you.
You hit the orc but do no damage.
The orc is almost dead.
The orc hits you with a +2 trident of flaming.
* * * LOW HITPOINT WARNING * * *
The orc burns you.
* * * LOW HITPOINT WARNING * * *
You hit the orc but do no damage.
The orc is almost dead.
The orc barely misses you.
You barely miss the orc.
The orc is almost dead.
You hit the orc but do no damage.
The orc is almost dead.
The orc barely misses you.
You hit the orc but do no damage.
The orc is almost dead.
The orc hits you with a +2 trident of flaming.
* * * LOW HITPOINT WARNING * * *
The orc burns you.
* * * LOW HITPOINT WARNING * * *
You closely miss the orc.
The orc is almost dead.
The orc hits you with a +2 trident of flaming!
You die...

#########.#####.##
####.................
###............##.##..#
#........o.............
###.##.#######..#..#..#
#.##.# #..#..#...
#.##(# ####..#..#..#
#.##o# #)..........#
#.##@# #.>..........
#.##.# #..#..#..#..#
#.##.# #.....#......
#.##.# #.##.....#..#
#.##.# #.##..#..#..#
#.#### ##############
#..#ß###ß###⌠###ß###ß
#....................
#....................


You could see an orc.

Vanquished Creatures
  An orc wizard (D:2)
  Robin (D:2)
  A gnoll (D:2)
  A ribbon worm (D:2)
  2 dart slugs (D:1)
  2 orcs (D:2)
  3 endoplasms
  2 giant cockroaches
  9 goblins
  12 hobgoblins
  5 ball pythons
  6 bats
  3 frilled lizards
  2 kobolds
  6 rats
56 creatures vanquished.

Notes
Turn   | Place    | Note
-------+----------+-------------------------------------------
     0 | D:1      | GeoRichter the Merfolk Warper began the quest for the Orb.
     0 | D:1      | Reached XP level 1. HP: 16/16 MP: 3/3
    62 | D:1      | Reached skill level 3 in Polearms
    87 | D:1      | Reached XP level 2. HP: 18/23 MP: 5/5
   521 | D:2      | Reached skill level 4 in Polearms
   521 | D:2      | Reached XP level 3. HP: 22/28 MP: 6/6
  1115 | D:2      | Noticed Robin
  1337 | D:2      | Killed Robin
  1338 | D:2      | Reached XP level 4. HP: 16/35 MP: 7/7
  1506 | D:2      | Reached skill level 5 in Polearms
  2231 | D:3      | Found Yddiq's Weapon Emporium.
  2774 | D:2      | Slain by an orc

Illustrated notes

Levels and vault maps discovered:
D:1:      lemuel_arrival_tunnels, layout_basic, dk_noncrumbling_4
D:2:      layout_basic, serial_corexii_hall, corexii_hall_statues_l,
          chequers_hall_statues_y, chequers_hall_statues_wall_a,
          minmay_misc_feat_columns, minmay_statues_item, dreamdust_wishing_well,
          uniq_robin
D:3:      layout_loops_cross, mainiacjoe_overflow_catwalk,
          mainiacjoe_overflow_tiny_flanked, serial_shops, shop, shop,
          nicolae_shop_industrial_runoff, shop, shop

Skill      XL: |  1  2  3  4 |
---------------+-------------+-----
Polearms       | 3 4 5 |  5.5
Fighting       | 3 |  3.5
Throwing       | |  1.0
Armour         | |  0.6
Dodging        | |  2.6
Spellcasting   | |  2.0
Translocations | |  2.4

Action                     |  1- 3 |  4- 6 || total
---------------------------+-------+-------++-------
  Melee: Spear             |   163 |   132 ||   295
  Throw: Dart              |       |     7 ||     7
    Use: Scroll            |     1 |     3 ||     4
         Potion            |       |     2 ||     2
   Stab: Sleeping          |     1 |       ||     1
 Armour: Leather armour    |    71 |    67 ||   138
  Dodge: Dodged            |   106 |    70 ||   176

Table legend: (Time is in decaauts)
 A = Elapsed time spent in this place.
 B = Non-inter-level travel time spent in this place.
 C = Inter-level travel time spent in this place.
 D = Time resting spent in this place.
 E = Time spent auto-exploring this place.
 F = Levels seen in this place.
 G = Mean time per level.
                   A        B        C        D        E       F      G
               +--------+--------+--------+--------+--------+-----+--------+
         Total |   2746 |   2666 |     80 |    473 |   1506 |   3 |  915.3 |
       Dungeon |   2746 |   2666 |     80 |    473 |   1506 |   3 |  915.3 |
               +--------+--------+--------+--------+--------+-----+--------+

Top non-repeatable levels by time:
     D:2: 1547 daAuts
     D:1: 1105 daAuts
     D:3: 93 daAuts
